 Dungeon Crawl Stone Soup version 0.15-a0-1579-gd26fec2 (webtiles) character file.

53 Quh the Charmwright (level 3, -5/24 HPs)
             Began as a High Elf Skald on June 19, 2014.
             Killed from afar by Sigmund (7 damage)
             ... with a wand of frost
             ... on Level 2 of the Dungeon.
             The game lasted 00:05:10 (1910 turns).

Quh the Charmwright (High Elf Skald)                Turns: 1910, Time: 00:05:10

HP  -5/24        AC  4     Str 11      XL: 3   Next: 64%
MP   8/8         EV 10     Int 17      God:
Gold 80          SH  0     Dex 14      Spells:  3 memorised,  0 levels left

rFire  . . .     SeeInvis .     a - +0 falchion
rCold  . . .     Clarity  .     b - +0 leather armour
rNeg   . . .     rCorr    .     (no shield)
rPois  .         rRot     .     (no helmet)
rElec  .         Spirit   .     (no cloak)
SustAb .         Warding  .     (no gloves)
rMut   .         Stasis   .     f - +0 pair of boots
Gourm  .                        (no amulet)
MR     .....                    (no ring)
                                (no ring)

@: not resistant to hostile enchantments, very unstealthy
A: no striking features
a: no special abilities


You were on level 2 of the Dungeon.
You were hungry.

You visited 1 branch of the dungeon, and saw 2 of its levels.

You collected 80 gold pieces.

Inventory:

Hand weapons
 a - a +0 falchion (weapon)
Missiles
 j - 30 stones (quivered)
 p - 15 arrows
Armour
 b - a +0 leather armour (worn)
 f - a +0 pair of boots (worn)
Comestibles
 d - a bread ration
 g - 2 meat rations
 o - a chunk of adder flesh
 q - a beef jerky
Scrolls
 h - a scroll of teleportation {unknown}
 i - 2 scrolls of random uselessness {unknown}
 r - a scroll of remove curse {unknown}
Jewellery
 s - a +4 ring of evasion {unknown}
Potions
 e - a potion of brilliance {unknown}
 k - a potion of heal wounds {unknown}
 l - a potion of curing {unknown}
 m - a potion of flight {unknown}
 n - a potion of paralysis {unknown}
Books
 c - a book of Battle

   Spells                             Type                      Level
   *Infusion                          Charms                       1
   *Shroud of Golubria                Charms/Translocation         2
   Song of Slaying                    Charms                       2
   Spectral Weapon                    Hexes/Charms                 3
   *Regeneration                      Charms/Necromancy            3


   Skills:
 - Level 2.0 Fighting
 * Level 3.9 Long Blades
 - Level 0.8 Armour
 - Level 1.1 Dodging
 - Level 2.4 Spellcasting
 * Level 4.6 Charms


You couldn't memorise any spells.
You knew the following spells:

 Your Spells              Type           Power        Failure   Level  Hunger
a - Infusion              Chrm           ###...       2%          1    #......
b - Shroud of Golubria    Chrm/Tloc      #.........   14%         2    ##.....
c - Regeneration          Chrm/Necr      #.........   24%         3    ###....


Dungeon Overview and Level Annotations

Branches:
Dungeon (2/15)

Altars:

Annotations:
D:2 Sigmund


Message History

Sigmund casts a spell at you.
You are more confused.
Sigmund laughs darkly.
Sigmund says, "I'm your fate."
Sigmund casts a spell.
Sigmund flickers and vanishes!
Deactivating autopickup; reactivate with Ctrl-A.
Ouch! You hear a zap.
The puff of frost misses you. Something hits you but does no damage.
Something completely misses you.
You hear some strange, mumbled words.
The puff of flame hits you!
* * * LOW HITPOINT WARNING * * *
Ouch! You feel less confused.
You hear a zap.
The puff of frost hits you!
You die...

....................#
...................##
.....##.....#......#
..........###......#
..(.......# #<....##
## ..........#
#.))..# ...#
.......)..
#.....##...# ##....##
#...###....# ..##.#
#...@.....# ... .
#.........# #
###....#### #...###
#...# #...### ##....#
#....# .......#


There were no monsters in sight!

Vanquished Creatures
  An adder (D:2)
  A giant mite (D:1)
  A worm (D:2)
  6 bats
  2 hobgoblins
  3 jackals (D:1)
  2 giant geckos (D:1)
  6 giant newts
  4 goblins
  3 kobolds
  5 rats (D:1)
34 creatures vanquished.

Notes
Turn   | Place    | Note
--------------------------------------------------------------
     0 | D:1      | Quh, the High Elf Skald, began the quest for the Orb.
     0 | D:1      | Reached XP level 1. HP: 14/14 MP: 4/4
   349 | D:1      | Reached XP level 2. HP: 13/19 MP: 6/6
   353 | D:1      | Learned a level 2 spell: Shroud of Golubria
   525 | D:1      | Reached skill level 4 in Charms
  1422 | D:2      | Reached XP level 3. HP: 2/24 MP: 6/8
  1776 | D:2      | Learned a level 3 spell: Regeneration
  1888 | D:2      | Noticed Sigmund
  1910 | D:2      | Killed from afar by Sigmund

Action                   || total
-------------------------++-------
Melee: Falchion          ||   100
Throw: Stone             ||    20
 Cast: Infusion          ||     4
       Shroud of Golubri ||     6
